 Dungeon Crawl Stone Soup version 0.31.0-32-g396128a36d (webtiles) character file.

Game seed: 12224992238878806247

2457 jazmu the Skirmisher (level 9, -1/74 (78) HPs)
             Began as a Demigod Hunter on Apr 10, 2024.
             Slain by a wight
             ... wielding a +0 trident
              (7 damage)
             ... on level 8 of the Dungeon.
             The game lasted 00:09:57 (7274 turns).

jazmu the Skirmisher (Demigod Hunter)               Turns: 7274, Time: 00:09:58

HP:   -1/74 (78)    AC:  7    Str: 12    XL:     9   Next: 5%
MP:   11/11         EV: 17    Int: 11    God:
Gold: 283           SH:  0    Dex: 29    Spells: 8/8 levels left

rFire   + + .        a - +0 shortbow
rCold   . . .        (shield currently unavailable)
rNeg    . . .        y - +1 robe {rF+}
rPois   .            r - +0 helmet
rElec   .            H - +2 cloak
rCorr   .            (no gloves)
SInv    .            (no boots)
Will    .....        (no amulet)
Stlth   +            G - ring of fire
HPRegen 0.32/turn    d - ring of protection from cold
MPRegen 0.12/turn

%: no passive effects
@: on fire, about to teleport, glowing, drained
A: high MP 1, forlorn, divine attributes
a: no special abilities


You were on level 8 of the Dungeon.
You visited 1 branch of the dungeon, and saw 8 of its levels.
You also visited: Sewer.

You collected 283 gold pieces.

Inventory:

Hand Weapons
 a - a +0 shortbow (weapon)
Missiles
 F - a curare-tipped dart
 I - a throwing net
Armour
 c - a +0 leather armour
 i - the +1 leather armour of the Arena {-Cast Str+2 Slay+2}
   (You found it on level 3 of the Dungeon)

   Str+2:     It affects your strength (+2).
   Slay+2:    It affects your accuracy & damage with ranged weapons and melee
   (+2).
   -Cast:     It prevents spellcasting.
 r - a +0 helmet (worn)
 y - a +1 robe of fire resistance (worn)
 H - a +2 cloak (worn)
Jewellery
 d - a ring of protection from cold (right hand)
 C - a +6 ring of strength
 G - a ring of fire (left hand)
Wands
 k - a wand of mindburst (7)
Scrolls
 b - a scroll of butterflies
 e - a scroll of revelation
 f - 4 scrolls of poison
 h - 3 scrolls of immolation
 l - 2 scrolls of vulnerability
 o - a scroll of teleportation
 q - a scroll of silence
 s - a scroll of amnesia {unknown}
 v - a scroll of fear
 w - a scroll of enchant armour
 D - a scroll of enchant weapon
 J - a scroll of brand weapon {unknown}
 K - a scroll of identify
Potions
 g - 2 potions of enlightenment {unknown}
 j - 3 potions of heal wounds {unknown}
 n - 2 potions of haste {unknown}
 p - 2 potions of degeneration {unknown}
 t - 3 potions of brilliance {unknown}
 u - 4 potions of berserk rage {unknown}
 x - a potion of magic {unknown}
 z - a potion of attraction {unknown}
 A - 2 potions of ambrosia {unknown}
 B - 2 potions of cancellation {unknown}
 E - a potion of mutation {unknown}


   Skills:
 - Level 6.7 Fighting
 + Level 9.0 Ranged Weapons
 + Level 5.0 Dodging
 - Level 0.8 Stealth


You had 8 spell levels left.
You didn't know any spells.
Your spell library contained the following spells:

 Spells                   Type           Power      Damage    Failure   Level
 Sandblast                Erth           0%         2d4       34%         1
 Hailstorm                Conj/Ice       0%         3d5       71%         3
 Passwall                 Erth           0%         N/A       71%         3
 Stone Arrow              Conj/Erth      0%         3d7       71%         3
 Summon Ice Beast         Ice/Summ       0%         N/A       71%         3
 Animate Armour           Summ/Erth      0%         N/A       98%         4
 Brom's Barrelling Bould  Conj/Erth      0%         2d3       98%         4
 Sculpt Simulacrum        Ice/Alch       0%         N/A       100%        6
 Lehudib's Crystal Spear  Conj/Erth      0%         10d2      100%        8


Dungeon Overview and Level Annotations

Branches:
Dungeon (8/15)             Temple (0/1) D:4           Sewer (visited)
   Lair: D:8-11

Shops:
D:3 *


Innate Abilities, Weirdness & Mutations

You have an increased reservoir of magic. (+10% MP)
You shall have no god before yourself.
Your divine heritage dramatically boosts your attributes as you level up.


Message History

The deep elf pyromancer blinks!
As you read the scroll of teleportation, it crumbles to dust.
You feel strangely unstable. The liquid fire burns you! The wight misses you.
The wight hits you with a +2 mace of freezing.
You feel drained. The wight freezes you. The wight misses you.
Unknown command.
Unknown command.
You shoot an arrow. The arrow hits the wight.
The wight is lightly damaged.
The liquid fire burns you! The wight closely misses you.
The wight hits you with a +2 mace of freezing.
You feel drained. The wight freezes you.
The wight hits you with a +0 battleaxe!
You shoot an arrow. The arrow hits the wight.
The wight is moderately damaged.
The liquid fire burns you!
* * * LOW HITPOINT WARNING * * *
The wight misses you. x2
The deep elf pyromancer mumbles some strange words.
The deep elf pyromancer blinks!
The wight barely misses you.
You shoot an arrow. The arrow hits the wight.
The wight is heavily damaged.
The liquid fire burns you!
* * * LOW HITPOINT WARNING * * *
The wight hits you from afar with a +0 trident.
* * * LOW HITPOINT WARNING * * *
The wight hits you with a +2 mace of freezing.
* * * LOW HITPOINT WARNING * * *
You feel drained. The wight freezes you.
* * * LOW HITPOINT WARNING * * *
The wight hits you with a +0 battleaxe!
* * * LOW HITPOINT WARNING * * *
You feel better. The liquid fire burns you!
* * * LOW HITPOINT WARNING * * *
The wight hits you from afar with a +0 trident!
You die... #. .. # #. ^ ##.##### # ...... ..zEz

#.#z# #.#@# #..
#######.#z#####.#.
...
..................
#.#
#.###.#.#.#####.#.
#.# #.# #.#.#.#
#.# #.# #.###.#
#.# #.# #.# #.#
#.# #.# #.# #.#
####.###.###.###.#


You could see a fire elemental (summoned) and 4 wights.

Vanquished Creatures
  Grinder (D:4)
  Sigmund (D:6)
  A wyvern (D:7)
  An orc warrior (D:7)
  An ogre (D:4)
  2 ice beasts
  2 black bears (D:6)
  A kobold brigand (D:6)
  2 bullfrogs
  2 scorpions
  A howler monkey (D:4)
  2 jellies (D:6)
  4 bombardier beetles
  4 hounds
  4 orc priests
  A sleepcap (D:6)
  Jessica (D:3)
  A gnoll bouda (D:7)
  2 iguanas (D:5)
  9 orc wizards
  A hell rat (Sewer)
  8 adders
  3 gnolls (D:7)
  3 river rats
  A shadow imp (D:5)
  2 dart slugs (D:1)
  2 ribbon worms
  19 orcs
  4 endoplasms
  2 giant cockroaches
  13 goblins
  9 hobgoblins
  4 jackals (D:1)
  7 quokkas
  6 ball pythons
  10 bats
  6 frilled lizards
  8 kobolds
  14 rats
165 creatures vanquished.

Notes
Turn   | Place    | Note
-------+----------+-------------------------------------------
     0 | D:1      | jazmu the Demigod Hunter began the quest for the Orb.
     0 | D:1      | Reached XP level 1. HP: 17/17 MP: 3/3
    45 | D:1      | Reached XP level 2. HP: 24/24 MP: 4/4
   106 | D:1      | Reached skill level 4 in Ranged Weapons
   432 | D:1      | Reached XP level 3. HP: 30/30 MP: 5/5
  1418 | D:3      | Noticed Jessica
  1421 | D:3      | Killed Jessica
  1422 | D:3      | Reached XP level 4. HP: 38/38 MP: 6/6
  1531 | D:3      | Identified the +1 leather armour of the Arena {-Cast Str+2
                  | Slay+2}
  1643 | D:3      | Found Vyreh's General Store.
  2440 | D:4      | Noticed Grinder
  2748 | D:4      | Reached skill level 5 in Ranged Weapons
  2748 | D:4      | Reached XP level 5. HP: 46/46 MP: 7/7
  2752 | D:4      | Noticed an ogre
  2760 | D:4      | Killed an ogre
  3295 | D:4      | Found a staircase to the Ecumenical Temple.
  3309 | D:4      | Killed Grinder
  3310 | D:4      | Reached XP level 6. HP: 52/55 MP: 8/8
  3358 | D:4      | Reached skill level 5 in Fighting
  3358 | D:4      | Reached skill level 6 in Ranged Weapons
  3531 | D:5      | Entered Level 5 of the Dungeon
  3603 | D:5      | Reached XP level 7. HP: 61/61 MP: 9/9
  3898 | D:5      | Noticed a balrug
  3945 | D:5      | Found a glowing drain.
  3973 | Sewer    | Entered a sewer
  4595 | D:5      | Reached skill level 7 in Ranged Weapons
  4902 | D:6      | Reached XP level 8. HP: 59/71 MP: 10/10
  5510 | D:6      | Noticed Sigmund
  5575 | D:6      | Killed Sigmund
  5576 | D:6      | Reached skill level 8 in Ranged Weapons
  6891 | D:7      | Reached XP level 9. HP: 72/78 MP: 11/11
  7109 | D:8      | Reached skill level 9 in Ranged Weapons
  7109 | D:8      | Reached skill level 5 in Dodging
  7242 | D:8      | Noticed a deep elf pyromancer
  7273 | D:8      | HP: 1/74 [wight/+0 battleaxe (10)]
  7274 | D:8      | Slain by a wight

Illustrated notes

Levels and vault maps discovered:
D:1:      dpeg_arrival_fog, layout_loops_ring
D:2:      layout_basic, basic_altar
D:3:      layout_basic, trog_butcher_becter, serial_shops, shop,
          solitary_fountain, chequers_mini_garden, uniq_jessica
D:4:      layout_loops_corners, mainiacjoe_overflow_boulevard,
          minmay_temple_entry_glass, serial_aquarium, aquarium_bridge_square
          [aquarium_subvault_bridge, aquarium_subvault_bridge,
          aquarium_subvault_wall, aquarium_subvault_wall],
          aquarium_bridge_straight [aquarium_subvault_bridge,
          aquarium_subvault_wall, aquarium_subvault_bridge,
          aquarium_subvault_wall], aquarium_window_fake, aquarium_window_2,
          aquarium_window_1, aquarium_window_1, aquarium_view_2e,
          aquarium_view_2d, kennysheep_crisscross, uniq_grinder
D:5:      layout_basic, makhleb_altar_promises_db, elyvilon_altar_3,
          portal_sewer_entry_a
D:6:      layout_gridville, chequers_garden, minmay_misc_feat_four_crosses,
          chequers_serial_rivers_micro_e, uniq_sigmund
D:7:      layout_basic, old_standard_altar
D:8:      layout_basic, nicolae_ru_the_path_less_chosen, lair_entry_dummy,
          serial_curves, eino_curves_02, eino_curves_04,
          chequers_serial_rivers_small_b, minmay_misc_feat_cross

Skill      XL: |  1  2  3  4  5  6  7  8  9 |
---------------+----------------------------+-----
Fighting       | 2 3 4 5 6 |  6.7
Ranged Weapons | 4 5 6 7 8 9 |  9.0
Dodging        | 4 5 |  5.0
Stealth        | |  0.8

Action                     |  1- 3 |  4- 6 |  7- 9 || total
---------------------------+-------+-------+-------++-------
  Melee: Shortbow          |       |       |     2 ||     2
   Fire: Shortbow          |   146 |   121 |   324 ||   591
  Evoke: Wand              |       |       |     2 ||     2
    Use: Scroll            |       |     5 |     6 ||    11
         Potion            |       |       |     4 ||     4
 Armour: Leather armour    |    37 |     7 |   121 ||   165
         Robe              |       |       |    12 ||    12
  Dodge: Dodged            |    35 |    17 |   116 ||   168
